 Dungeon Crawl Stone Soup version 0.29.0-13-gc9e81de378 (webtiles) character file.

Game seed: 3791082359675176341

3078 KamiKatze the Cutter (level 9, -15/47 HPs)
             Began as a Vine Stalker Fighter on Sept 8, 2022.
             Was a Follower of Uskayaw.
             Killed from afar by Erica (26 damage)
             ... with a bolt of poison
             ... on level 8 of the Dungeon.
             The game lasted 00:20:35 (5917 turns).

KamiKatze the Cutter (Vine Stalker Fighter)         Turns: 5917, Time: 00:20:42

Health: -15/47     AC:  9    Str: 20    XL:     9   Next: 89%
Magic:  0/12       EV: 12    Int:  8    God:    Uskayaw [*.....]
Gold:   345        SH:  6    Dex: 17    Spells: 8/8 levels left

rFire   . . .      SeeInvis .   D - +3 rapier "Imubbor" {vorpal, Will+}
rCold   . . .      Faith    .   c - +0 buckler
rNeg    . . .      Spirit   +   f - +3 ring mail {Will+}
rPois   .          Reflect  .   (no helmet)
rElec   .          Harm     .   (no cloak)
rCorr   .          Rampage  .   (no gloves)
Will    +++..                   (no boots)
Stlth   ++........              e - amulet of regeneration
HPRegen 1.75/turn               (no ring)
MPRegen 0.13/turn               (no ring)

@: lethally poisoned (-15 -> -21)
A: fangs 3, regeneration 1, magic shield, antimagic bite, no potion heal 2
a: Renounce Religion, Stomp


You were on level 8 of the Dungeon.
You worshipped Uskayaw.
Uskayaw was noncommittal.
You visited 2 branches of the dungeon, and saw 9 of its levels.
You also visited: Ossuary.

You collected 516 gold pieces.
You spent 171 gold pieces at shops.

Inventory:

Hand Weapons
 a - a +1 rapier
 y - a +1 hand axe of flaming
 D - the +3 rapier "Imubbor" (weapon) {vorpal, Will+}
   (You bought it in a shop on level 4 of the Dungeon)

   It inflicts extra damage upon your enemies.
   Will:      It increases your willpower.
Missiles
 g - 31 stones (quivered)
 E - 2 throwing nets
 G - a curare-tipped dart
 I - 8 poisoned darts
Armour
 b - a +0 scale mail
 c - a +0 buckler (worn)
 f - a +3 ring mail of willpower (worn)
Jewellery
 e - an amulet of regeneration (around neck)
 p - an amulet of faith
 z - an amulet of magic regeneration
 A - a ring of fire
 H - an amulet of the acrobat
Wands
 n - a wand of iceblast (20)
Scrolls
 j - a scroll of teleportation {unknown}
 m - a scroll of noise
 s - 2 scrolls of amnesia
 w - a scroll of enchant weapon
 B - 2 scrolls of butterflies
 C - 3 scrolls of magic mapping
 F - a scroll of brand weapon {unknown}
Potions
 d - a potion of might
 h - a potion of ambrosia
 i - a potion of mutation
 k - 3 potions of berserk rage
 l - a potion of resistance
 o - 3 potions of lignification
 q - 3 potions of flight
 r - a potion of attraction
 t - a potion of invisibility {unknown}
 u - 8 potions of curing
 v - 3 potions of cancellation
 x - 5 potions of brilliance


   Skills:
 + Level 5.2 Fighting
 * Level 6.4 Short Blades
 + Level 4.7 Armour
 + Level 3.7 Dodging
 + Level 3.5 Stealth
 - Level 5.0 Shields
 * Level 3.9 Invocations
 + Level 3.5 Evocations


You had 8 spell levels left.
You didn't know any spells.
Your spell library contained the following spells:

 Spells                   Type           Power      Damage    Failure   Level
 Necrotise                Necr           0%         1d4       67%         1
 Slow                     Hex            0%         N/A       67%         1
 Blink                    Tloc           0%         N/A       80%         2
 Sublimation of Blood     Necr           0%         N/A       80%         2
 Wereblood                Tmut           0%         N/A       80%         2
 Confusing Touch          Hex            0%         N/A       95%         3
 Lesser Beckoning         Tloc           0%         N/A       95%         3
 Portal Projectile        Hex/Tloc       0%         N/A       95%         3
 Tukima's Dance           Hex            0%         N/A       95%         3
 Vampiric Draining        Necr           0%         2d6       95%         3
 Animate Dead             Necr           0%         N/A       100%        4
 Agony                    Necr           0%         N/A       100%        5
 Blade Hands              Tmut           0%         N/A       100%        5
 Irradiate                Conj/Tmut      0%         3d11      100%        5
 Manifold Assault         Tloc           0%         N/A       100%        5
 Dragon Form              Tmut           0%         N/A       100%        7
 Haunt                    Necr/Summ      0%         N/A       100%        7
 Summon Hydra             Summ           0%         N/A       100%        7
 Infestation              Necr           0%         N/A       100%        8


Dungeon Overview and Level Annotations

Branches:
Dungeon (8/15)             Temple (1/1) D:6         Ossuary (visited)
   Lair: D:8-11

Altars:
Cheibriados
Dithmenos
Fedhas
Gozag
Hepliaklqana
Kikubaaqudgha
Makhleb
Qazlal
Trog
Uskayaw
Vehumet
Wu Jian
The Shining One

Shops:
D:4 (   D:7 =

Annotations:
D:7 Maggie
D:8 Erica, Grum


Innate Abilities, Weirdness & Mutations

You have razor-sharp teeth.
Your natural rate of healing is unusually fast.
When hurt, damage is shared between your health and your magic reserves.
Your bite disrupts and absorbs the magic of your enemies.
Potions cannot restore your health.


Message History

You feel sick. Something barely misses your butterfly.
Something hits your butterfly!
Your butterfly dies!
Your butterfly disappears in a burst of colours!
You swap places.
You feel sick.
Erica mumbles some strange words.
Erica flickers and vanishes!
Deactivating autopickup; reactivate with Ctrl-A.
You swap places.
You feel sick.
Something closely misses your butterfly.
You block the gnoll's attack.
You hit the gnoll but do no damage. Your bite misses the gnoll.
You feel sick. The gnoll misses you.
Something closely misses your butterfly.
You block the gnoll's attack.
You feel sick.
You are no longer poisoned.
The gnoll closely misses you. Something hits your butterfly.
Something burns your butterfly.
Your butterfly dies!
Your butterfly disappears in a burst of colours!
The gnoll closely misses you.
Grum completely misses something.
You block the gnoll's attack. Something hits your butterfly!
Something burns your butterfly.
Your butterfly dies!
Your butterfly disappears in a burst of colours!
You block the gnoll's attack. Something misses your butterfly.
The gnoll closely misses your butterfly.
You hear some strange, mumbled words.
A bolt of poison appears from out of thin air!
The bolt of poison hits your butterfly!!!
Your butterfly is poisoned.
Your butterfly dies!
Your butterfly disappears in a burst of colours!
The bolt of poison hits the gnoll!!
The gnoll dies!
The bolt of poison hits you!!
You are poisoned.
Ouch! That really hurt!
You die... #............##.# )........ ######.....####.# ....♣.. #..#....##.# ♣.♣..)♣ #####..#.##.##.### ..... #.....#####.b{...# ♣gg.♣ #.##### #..#b#.### ggg

# #b.gbg...# ♣.♣ #.
###)b#.###.##♣.♣ #.#
#.@.[#......##.# #
...#.#.[[.###.g...#.#
#.#.#.##.###.#g....#
#....)##.#....).####
###.####.###.......#
#<# ### #.#.......
### ##########


You could see Grum and a gnoll (ally target).

Vanquished Creatures
  Prince Ribbit (D:8)
  A steam dragon (D:7)
  2 vampire mosquitoes (D:7)
  Menkaure (D:6)
  2 ice beasts (D:7)
  2 ogres (D:5)
  2 wolves
  2 phantoms (D:5)
  2 kobold brigands
  2 bullfrogs (D:8)
  A necrophage (D:5)
  3 scorpions
  3 gnoll sergeants
  3 wights (D:8)
  4 killer bees (D:7)
  A howler monkey (D:7)
  An orc priest (D:4)
  A gnoll bouda (D:8)
  2 hounds
  2 jellies
  3 iguanas
  Terence (D:3)
  8 mummies (Ossuary)
  8 gnolls
  8 adders
  A shadow imp (D:7)
  3 white imps
  An ufetubus (D:4)
  2 worms (D:4)
  3 dart slugs
  12 orcs
  4 bats
  9 endoplasms
  3 giant cockroaches
  A gnoll zombie (Ossuary)
  5 goblins
  8 hobgoblins
  2 quokkas
  6 ball pythons
  A frilled lizard (D:1)
  A goblin zombie (D:4)
  A hobgoblin zombie (Ossuary)
  14 kobolds
  4 kobold zombies (Ossuary)
  2 orc zombies (Ossuary)
  4 rats
  A rat zombie (D:4)
154 creatures vanquished.

Vanquished Creatures (collateral kills)
  A dart slug (D:4)
  An orc (D:4)
2 creatures vanquished.

Vanquished Creatures (others)
  A gnoll (D:8)
  6 plants (D:5)
7 creatures vanquished.

Grand Total: 163 creatures vanquished

Notes
Turn   | Place    | Note
-------+----------+-------------------------------------------
     0 | D:1      | KamiKatze the Vine Stalker Fighter began the quest for the
                  | Orb.
     0 | D:1      | Reached XP level 1. HP: 11/11 MP: 2/2
   323 | D:1      | Reached skill level 2 in Short Blades
   323 | D:1      | Reached XP level 2. HP: 14/16 MP: 3/3
   340 | D:1      | Found a faded altar of an unknown god.
   806 | D:2      | Identified the amulet of the Fiend {Harm Will- Regen+ MP+9
                  | Stlth+}
   894 | D:2      | Reached XP level 3. HP: 19/19 MP: 4/4
  1408 | D:2      | Gained mutation: Your natural rate of healing is unusually
                  | fast. [Vine Stalker growth]
  1408 | D:2      | Reached XP level 4. HP: 24/24 MP: 5/5
  1602 | D:3      | Reached skill level 1 in Dodging
  2047 | D:3      | Reached XP level 5. HP: 28/28 MP: 6/6
  2197 | D:3      | Noticed Terence
  2208 | D:3      | Killed Terence
  2637 | D:4      | Found a sand-covered staircase.
  2651 | Ossuary  | Entered an ossuary
  2674 | Ossuary  | Reached skill level 3 in Short Blades
  2766 | Ossuary  | Reached XP level 6. HP: 29/32 MP: 4/7
  2982 | D:4      | Found Peasekig's Antique Weapon Boutique.
  2985 | D:4      | Bought a brightly glowing rapier for 171 gold pieces
  2985 | D:4      | Identified the +3 rapier "Imubbor" {vorpal, Will+} (You
                  | bought it in a shop on level 4 of the Dungeon)
  3086 | D:4      | Found a snail-covered altar of Cheibriados.
  3182 | D:4      | Reached XP level 7. HP: 33/37 MP: 6/8
  3234 | D:4      | Found an ornate altar of the Wu Jian Council.
  3528 | D:5      | Entered Level 5 of the Dungeon
  3555 | D:5      | Found an ancient bone altar of Kikubaaqudgha.
  3705 | D:5      | Reached skill level 4 in Short Blades
  3732 | D:5      | Reached skill level 1 in Evocations
  3736 | D:5      | Found a hazy altar of Hepliaklqana.
  3881 | D:5      | Gained mutation: You have razor-sharp teeth. [Vine Stalker
                  | growth]
  3881 | D:5      | Reached XP level 8. HP: 42/42 MP: 9/9
  3959 | D:5      | Reached skill level 5 in Shields
  4266 | D:6      | Found a staircase to the Ecumenical Temple.
  4276 | Temple   | Entered the Ecumenical Temple
  4297 | Temple   | Became a worshipper of Uskayaw the Reveller
  4316 | D:6      | Noticed Menkaure
  4324 | D:6      | Killed Menkaure
  4324 | D:6      | Reached * piety under Uskayaw
  4405 | D:6      | Reached ** piety under Uskayaw
  4430 | D:6      | Reached skill level 5 in Short Blades
  4433 | D:6      | Reached *** piety under Uskayaw
  4438 | D:6      | Reached **** piety under Uskayaw
  4923 | D:6      | Found a shadowy altar of Dithmenos.
  4929 | D:6      | Found a bloodstained altar of Trog.
  5088 | D:7      | Reached skill level 1 in Stealth
  5088 | D:7      | Reached skill level 1 in Invocations
  5093 | D:7      | Reached ***** piety under Uskayaw
  5094 | D:7      | Reached XP level 9. HP: 28/46 MP: 11/11
  5125 | D:7      | Reached ****** piety under Uskayaw
  5230 | D:7      | Noticed Maggie
  5263 | D:7      | Found Terafuhe's Jewellery Shop.
  5301 | D:7      | Found a glowing golden altar of the Shining One.
  5471 | D:8      | Reached skill level 6 in Short Blades
  5490 | D:8      | Reached skill level 5 in Fighting
  5490 | D:8      | Noticed Grum
  5520 | D:8      | Noticed Erica
  5674 | D:8      | Noticed Prince Ribbit
  5684 | D:8      | Killed Prince Ribbit
  5845 | D:8      | Found the +2 hat of the Bear Spirit {Spirit, *Rage Will++}
  5908 | D:8      | HP: 2/47 [poisoned by Erica (bolt of poison)]
  5917 | D:8      | Killed from afar by Erica

Illustrated notes

Levels and vault maps discovered:
D:1:      giann_forest_graveyard, layout_loops_ring,
          ebering_ecumenical_altar_webs
D:2:      layout_basic
D:3:      minmay_skewed_foursquare, layout_loops_corners, minivault_23,
          uniq_terence
D:4:      layout_rooms, lemuel_round_altar, nzn_wu_jian_contemplation,
          enter_ossuary_4, serial_shops, nicolae_shop_window_shopping,
          minmay_cut_off
D:5:      layout_loops_ring, mainiacjoe_overflow_small_starburst,
          mainiacjoe_overflow_cross_hatched
D:6:      layout_loops_ring, amethyst_overflow_temple_binary,
          minmay_temple_entry_trees, kennysheep_minor_cross, uniq_menkaure
D:7:      layout_rooms, kennysheep_mini, mainiacjoe_overflow_six_doors_small,
          mainiacjoe_overflow_brackets, serial_shops, shop, uniq_maggie
D:8:      layout_basic, lemuel_tele_altar, yredelemnul_forgotten_temple_becter,
          mainiacjoe_overflow_alcove_1, pf_guarded_unrand_woodcutter,
          uniq_prince_ribbit1, uniq_grum, uniq_erica
Temple:   hellmonk_temple_rainy

Skill      XL: |  1  2  3  4  5  6  7  8  9 |
---------------+----------------------------+-----
Short Blades   | 2 3 4 5 6 |  6.4
Shields        | 3 4 5 |  5.0
Fighting       | 3 4 5 |  5.2
Dodging        | 1 2 3 |  3.7
Armour         | 3 4 |  4.7
Evocations     | 1 2 3 |  3.5
Stealth        | 1 3 |  3.5
Invocations    | 1 3 |  3.9

Action                   |  1- 3 |  4- 6 |  7- 9 || total
-------------------------+-------+-------+-------++-------
Melee: Rapier            |    67 |   225 |   289 ||   581
       Bite              |    13 |    68 |    83 ||   164
  Use: Scroll            |     2 |    15 |     6 ||    23
       Potion            |       |       |     1 ||     1
 Stab: Paralysed         |       |       |     5 ||     5
Armor: Ring mail         |    27 |    68 |    90 ||   185
Dodge: Dodged            |    31 |    78 |   186 ||   295
Block: Buckler           |    15 |    40 |    82 ||   137
